AoeStats
← 739697286

Nomad

505432705Analyzed
4v4 RM · 25d ago on Sep 9, 2026· 36m 55s· 8 players
Game mode
Random Map
Map size
231×231
Population
200
Speed
Normal
Resources
Standard
Victory
Conquest
Starting age
Dark Age
Ending age
Imperial Age
RankedLock teamsTeams togetherTeam positionsShared explorationLock speedFull tech treeHidden civsTurbo modeCheats
Victory
Defeat
🇨🇳 Khmer · China
1591
+12
🇨🇳 Wei · China
1586
+13
🇨🇳 Vikings · China
1585
+13
🇨🇳 Ethiopians · China
1517
+15
🇳🇱 Bengalis · Netherlands
1549
-15
🇨🇳 Koreans · China
1509
-13
🇮🇹 Hindustanis · Italy
1504
-13
🇹🇷 Jurchens · Türkiye
1481
-12
pac.Padawan NL
11:35 Loom
13:27 Feudal Age
17:57 Castle Age
17:16 Double-Bit Axe
19:26 Medium Warships
19:32 Bow Saw
22:10 Fishing Lines
23:27 Wheelbarrow
23:46 Forging
26:11 Clinker Construction
26:35 Fletching
27:20 Iron Casting
27:15 Careening
28:09 Bodkin Arrow
28:47 Hand Cart
29:45 Paiks
30:10 Gold Mining
30:11 Stone Mining
34:26 Padded Archer Armor
35:44 Scale Mail Armor
35:15 Pikeman
35:55 Squires
35:41 Arson
38:46 Imperial Age
ATABEY
5:06 Loom
15:05 Feudal Age
20:34 Castle Age
19:19 Gold Mining
19:56 Scale Mail Armor
20:44 Forging
22:03 Double-Bit Axe
24:35 Chain Mail Armor
25:44 Squires
25:30 Arson
28:09 Squires
33:50 Bow Saw
35:45 Iron Casting
Guts
4:53 Loom
14:04 Feudal Age
16:31 Double-Bit Axe
18:55 Castle Age
21:07 Fletching
22:08 Bodkin Arrow
24:23 Wheelbarrow
739697286
5:29 Loom
10:40 Loom
14:32 Feudal Age
13:52 Loom
21:14 Castle Age
19:51 Stone Mining
21:07 Gold Mining
21:34 Horse Collar
22:30 Medium Warships
29:14 Fletching
虚弱
14:02 Feudal Age
12:27 Loom
14:35 Double-Bit Axe
14:36 Town Watch
17:58 Forging
18:40 Fishing Lines
22:50 Castle Age
21:43 Gold Mining
24:00 Medium Warships
24:04 Bow Saw
24:42 Iron Casting
26:59 Fletching
28:23 Bodkin Arrow
30:17 Gillnets
32:52 Gold Shaft Mining
32:18 Horse Collar
33:44 Ballistics
33:05 Treadmill Crane
34:28 Heavy Plow
35:28 Clinker Construction
35:42 Careening
35:40 Stone Mining
shenxu
4:51 Loom
13:30 Feudal Age
17:42 Castle Age
15:29 Double-Bit Axe
16:14 Fishing Lines
18:02 Scale Barding Armor
18:53 Bow Saw
19:09 Horse Collar
29:00 Wheelbarrow
31:12 Husbandry
31:25 Bloodlines
33:47 Chain Barding Armor
34:23 Forging
36:35 Iron Casting
hoot
5:02 Loom
16:03 Feudal Age
16:29 Fishing Lines
20:16 Castle Age
18:25 Double-Bit Axe
19:29 Fletching
19:35 Gold Mining
19:44 Horse Collar
21:02 Bodkin Arrow
21:30 Bow Saw
22:33 Ballistics
22:16 Padded Archer Armor
23:23 Wheelbarrow
23:43 Town Watch
25:47 Husbandry
26:49 Hand Cart
31:23 Leather Archer Armor
30:31 Elite Skirmisher
31:19 Thumb Ring
33:37 Stone Mining
35:52 Royal Heirs
36:06 Scale Mail Armor
36:17 Forging
37:17 Chain Mail Armor
大骚刚
3:11 Loom
14:30 Feudal Age
15:15 Double-Bit Axe
15:14 Horse Collar
17:36 Castle Age
17:30 Gold Mining
18:39 Heavy Plow
18:53 Bow Saw
19:31 Gold Shaft Mining
20:20 Wheelbarrow
23:44 Hand Cart
26:16 Stone Mining
31:04 Imperial Age
28:58 Bloodlines
28:49 Husbandry
29:23 Scale Barding Armor
31:05 Forging
31:57 Chain Barding Armor
33:32 Conscription
34:52 Plate Barding Armor
34:39 Tusk Swords
35:20 Devotion
36:13 Town Watch
37:14 Iron Casting
36:24 Elite Battle Elephant
Connection lost

Rejoining the realm…

Still unreachable

The connection could not be restored.

Session expired

The server has moved on; the page needs a fresh start.